 Dungeon Crawl Stone Soup version 0.30-a0-862-g1aabd4f9c5 (webtiles) character file.

Game seed: 215633304386031402

51 retardedninja the Trooper (level 3, -3/33 HPs)
             Began as a Hill Orc Fighter on Mar 8, 2023.
             Slain by Robin
             ... wielding a +0 trident
              (6 damage)
             ... on level 2 of the Dungeon.
             The game lasted 00:01:39 (856 turns).

retardedninja the Trooper (Hill Orc Fighter)         Turns: 856, Time: 00:01:39

Health: -3/33      AC:  7    Str: 20    XL:     3   Next: 83%
Magic:  3/3        EV:  9    Int:  8    God:
Gold:   93         SH:  4    Dex: 10    Spells: 2/2 levels left

rFire   . . .      SeeInvis .    a - +0 war axe
rCold   . . .      Faith    .    c - +0 buckler
rNeg    . . .      Spirit   .    b - +0 scale mail
rPois   .          Reflect  .    (no helmet)
rElec   .          Rampage  .    (no cloak)
rCorr   .                        (no gloves)
Will    .....                    (no boots) Stlth
                                 (no amulet)
HPRegen 0.25/turn                (no ring)
MPRegen 0.08/turn                (no ring)

@: lethally poisoned (-3 -> -11)
A: no striking features
a: no special abilities


You were on level 2 of the Dungeon.
You visited 1 branch of the dungeon, and saw 2 of its levels.

You collected 93 gold pieces.

Inventory:

Hand Weapons
 a - a +0 war axe (weapon)
Armour
 b - a +0 scale mail (worn)
 c - a +0 buckler (worn)
Scrolls
 e - 3 scrolls of fog {unknown}
 f - a scroll of poison {unknown}
 h - a scroll of brand weapon {unknown}
 i - a scroll of blinking {unknown}
Potions
 d - a potion of might
 g - a potion of berserk rage {unknown}
 j - a potion of lignification {unknown}


   Skills:
 + Level 4.1 Fighting
 + Level 3.5 Axes
 + Level 3.8 Armour
 + Level 3.8 Shields


You had 2 spell levels left.
You didn't know any spells.
Your spell library contained the following spells:

 Spells                   Type           Power      Damage    Failure   Level
 Cigotuvi's Dreadful Rot  Necr/Pois/Air  0%         N/A       94%         2
 Poisonous Vapours        Pois/Air       0%         N/A       94%         2
 Mephitic Cloud           Conj/Pois/Air  0%         N/A       99%         3
 Yara's Violent Unravell  Hex/Tmut       0%         3d3       100%        5


Dungeon Overview and Level Annotations

Branches:
Dungeon (2/15)

Altars:

Annotations:
D:2 Robin


Message History

You kill the hobgoblin!
Robin throws the goblin at you! The hobgoblin barely misses you.
You block the goblin's attack. x2
You closely miss the goblin. You hit the goblin but do no damage.
You barely miss the hobgoblin. The goblin misses you.
The goblin hits you but does no damage.
The hobgoblin hits you but does no damage.
Unknown command.
You closely miss the goblin. You hit the goblin.
You kill the goblin!
You hit the hobgoblin.
You kill the hobgoblin!
Robin roars a battlecry!
The goblins go into a battle-frenzy!
The goblin hits you with a +0 club. x2; Robin hits you but does no damage.
You closely miss the hobgoblin. You hit the goblin.
The hobgoblin barely misses you.
Robin hits you from afar with a +0 trident.
You block the goblin's attack.
Unknown command.
You barely miss the hobgoblin. You closely miss the goblin.
You barely miss the goblin. The hobgoblin barely misses you.
You block Robin's attack. The goblin closely misses you.
The goblin hits you with a +0 club.
The goblin hits you with a +0 dagger of venom.
You are poisoned.
The goblin completely misses you.
Robin hits you from afar with a +0 trident.
The hobgoblin hits you.
* * * LOW HITPOINT WARNING * * *
You completely miss the hobgoblin. You hit the goblin.
You kill the goblin!
You hit the goblin.
You kill the goblin!
* * * LOW HITPOINT WARNING * * *
You feel very sick.
The hobgoblin hits you but does no damage.
Robin flexes a bicep menacingly.
Robin hits you from afar with a +0 trident.
You die...

#.# # .. #.# # #.
##.## # #. #...# # #.
#...# #. #...# # #.
#####...######
###.####...........##
#.gg@).......†.......
#.#)####...........##
#. #####...###### ..
#...# [.# #...# #..
#...# ### #.. ##.##
.. ... #.# # #. ###
####.#.


You could see Robin and a hobgoblin (strong).

Vanquished Creatures
  An adder (D:2)
  A dart slug (D:1)
  5 ball pythons
  An endoplasm (D:2)
  11 goblins
  5 hobgoblins
  5 kobolds (D:1)
  2 quokkas (D:1)
  4 bats (D:1)
  A frilled lizard (D:1)
  5 rats
41 creatures vanquished.

Notes
Turn   | Place    | Note
-------+----------+-------------------------------------------
     0 | D:1      | retardedninja the Hill Orc Fighter began the quest for the
                  | Orb.
     0 | D:1      | Reached XP level 1. HP: 19/19 MP: 1/1
   108 | D:1      | Got the Vellum of Virulent Changing
   171 | D:1      | Reached XP level 2. HP: 24/27 MP: 2/2
   321 | D:1      | Reached skill level 4 in Fighting
   388 | D:1      | Reached XP level 3. HP: 33/33 MP: 3/3
   450 | D:1      | Found a faded altar of an unknown god.
   843 | D:2      | Noticed Robin
   856 | D:2      | Slain by Robin

Illustrated notes

Levels and vault maps discovered:
D:1:      sevenhm_arrival_forest_fort_large_4, layout_rooms,
          chequers_ecumenical_altar_lobes
D:2:      layout_loops_cross, uniq_robin

Skill      XL: |  1  2 |
---------------+-------+-----
Axes           | 3 |  3.5
Fighting       | 4 |  4.1
Armour         | |  3.8
Shields        | |  3.8

Action                     || total
---------------------------++-------
  Melee: War axe           ||    76
 Armour: Scale mail        ||    35
  Dodge: Dodged            ||    37
  Block: Buckler           ||    23

Table legend: (Time is in decaauts)
 A = Elapsed time spent in this place.
 B = Non-inter-level travel time spent in this place.
 C = Inter-level travel time spent in this place.
 D = Time resting spent in this place.
 E = Time spent auto-exploring this place.
 F = Levels seen in this place.
 G = Mean time per level.
                   A        B        C        D        E       F      G
               +--------+--------+--------+--------+--------+-----+--------+
         Total |    884 |    873 |     11 |      0 |    668 |   2 |  442.0 |
       Dungeon |    884 |    873 |     11 |      0 |    668 |   2 |  442.0 |
               +--------+--------+--------+--------+--------+-----+--------+

Top non-repeatable levels by time:
     D:1: 534 daAuts
     D:2: 349 daAuts
